 Dungeon Crawl Stone Soup version 0.29-a0-1027-gcd8c55af63 (webtiles) character file.

Game seed: 11580868402849961446

3022 siradein the Trooper (level 9, 0/86 HPs)
             Began as a Naga Berserker on Aug 13, 2022.
             Was an Elder of Trog.
             Hit by a javelin thrown by a centaur (6 damage)
             ... in a bailey.
             The game lasted 00:17:06 (7602 turns).

siradein the Trooper (Naga Berserker)               Turns: 7602, Time: 00:17:06

Health: 0/86       AC: 11    Str: 23    XL:     9   Next: 85%
Magic:  0/9        EV:  6    Int:  8    God:    Trog [****..]
Gold:   268        SH:  0    Dex: 11    Spells: 8/8 levels left

rFire   . . .      SeeInvis +   h - +2 trident (vorpal)
rCold   . . .      Faith    .   i - orb {light}
rNeg    . . .      Spirit   +   F - +0 plate armour
rPois   +          Reflect  .   a - +0 helmet
rElec   .          Harm     .   (no cloak)
rCorr   +          Rampage  .   (no gloves)
Will    +++..                   (no barding)
Stlth   ..........              E - amulet of guardian spirit
HPRegen 1.24/turn               l - ring of resist corrosion
MPRegen 0.11/turn               (no ring)

@: strong-willed, flying, regenerating, glowing, very slow
A: AC +3, large, see invisible, deformed body, poison resistance, slowness 2,
spit poison 1, naga tail 1
a: Spit Poison, Renounce Religion, Berserk, Trog's Hand, Brothers in Arms


You were in a bailey.
You worshipped Trog.
Trog was greatly pleased with you.
You visited 1 branch of the dungeon, and saw 7 of its levels.
You also visited: Bailey.

You collected 307 gold pieces.
You spent 39 gold pieces at shops.

Inventory:

Hand Weapons
 h - a +2 vorpal trident (weapon)
Missiles
 H - 4 boomerangs
Armour
 a - a +0 helmet (worn)
 i - an orb of light (worn)
 F - a +0 plate armour (worn)
Jewellery
 l - a ring of resist corrosion (left hand)
 E - an amulet of guardian spirit (around neck)
Wands
 u - a wand of mindburst (10)
 x - a wand of iceblast (7)
 D - a wand of charming (15)
 I - a wand of digging (3)
Scrolls
 b - a scroll of fog {unknown}
 d - 2 scrolls of enchant armour {unknown}
 f - 4 scrolls of amnesia {unknown}
 g - a scroll of blinking {unknown}
 m - a scroll of summoning
 p - 2 scrolls of magic mapping {unknown}
 q - a scroll of poison
 s - a scroll of fear
 A - 3 scrolls of vulnerability {unknown}
 G - 2 scrolls of enchant weapon {unknown}
 J - 2 scrolls of acquirement {unknown}
Potions
 c - 2 potions of flight
 e - 2 potions of heal wounds
 j - a potion of lignification {unknown}
 k - a potion of berserk rage
 n - 2 potions of might
 o - 5 potions of curing
 r - a potion of experience {unknown}
 t - 2 potions of degeneration {unknown}
 v - a potion of brilliance {unknown}
 w - 2 potions of magic
 z - a potion of attraction {unknown}
 B - a potion of haste
 C - a potion of mutation {unknown}
 K - 3 potions of ambrosia {unknown}


   Skills:
 + Level 7.3 Fighting
 + Level 7.3 Polearms
 + Level 5.8 Armour
 + Level 5.7 Dodging


You had 8 spell levels left.
You didn't know any spells.
Your spell library was empty.

Dungeon Overview and Level Annotations

Branches:
Dungeon (7/15)             Temple (0/1) D:7          Bailey (1/1)

Altars:
Ashenzari
Dithmenos
Hepliaklqana
Nemelex Xobeh
Okawaru
Ru
Sif Muna
Xom
The Shining One

Shops:
D:3 =   D:5 !

Annotations:
D:5 2 transporters


Innate Abilities, Weirdness & Mutations

Your serpentine skin is tough. (AC +3)
You have supernaturally acute eyesight. (SInv)
Armour fits poorly on your strangely shaped body.
Your system is resistant to poisons. (rPois)
You cover ground very slowly.
You can spit poison.
You have a snake-like lower body.


Message History

The centaur throws a javelin.
The javelin pierces through you.
* * * LOW HITPOINT WARNING * * *
The centaur throws a javelin.
The javelin barely misses you.
The centaur throws a javelin.
The javelin pierces through you!
* * * LOW HITPOINT WARNING * * *
Reach: h) +2 trident (vorpal)
Press: ? - help, Dir - move target, f - orc
Aim: an orc, wielding a +0 halberd and wearing a +0 scale mail (haloed, about 16% to evade your +2 vorpal trident)
You reach to attack!
You hit the orc.
The orc is severely wounded.
The orc hits you but does no damage.
Unknown command.
Reach: h) +2 trident (vorpal)
Press: ? - help, Dir - move target, f/p - orc
Aim: an orc, wielding a +0 halberd and wearing a +0 scale mail (severely wounded, haloed, about 16% to evade your +2 vorpal trident)
Okay, then.
Reach: h) +2 trident (vorpal)
Press: ? - help, Dir - move target, f/p - orc
Aim: an orc, wielding a +0 halberd and wearing a +0 scale mail (severely wounded, haloed, about 16% to evade your +2 vorpal trident)
You reach to attack!
You hit the orc.
You kill the orc!
Trog accepts your kill.
The centaur throws a javelin.
The javelin barely misses you.
Reach: h) +2 trident (vorpal)
Press: ? - help, Dir - move target, f - you
Okay, then.
You feel very buoyant.
You fly up into the air.
The centaur throws a javelin.
The javelin pierces through you but does no damage.
The centaur throws a javelin.
The javelin pierces through you!
* * * LOW HITPOINT WARNING * * *
The centaur throws a javelin.
The javelin pierces through you.
* * * LOW HITPOINT WARNING * * *
The orc hits you but does no damage.
The centaur throws a javelin.
The javelin pierces through you.
* * * LOW HITPOINT WARNING * * *
The orc hits you from afar with a +0 trident.
* * * LOW HITPOINT WARNING * * *
The centaur throws a javelin.
The javelin pierces through you.
You die...

..≈≈.....co≈≈≈.⌠.#
....≈≈≈≈≈≈≈o.≈≈..#
..≈≈≈.....≈≈≈.≈≈.#
.≈≈..≈≈≈≈≈..≈≈.≈o##
≈≈.≈≈≈...≈≈≈.≈o≈≈.#
≈.≈≈..⌠.⌠..≈)≈≈.≈.#
≈.....∩∩∩..≈)...≈.#
≈.≈≈..⌠.⌠..≈)≈≈.≈.#
≈≈.≈≈≈...≈≈≈@≈.≈≈.#
.≈≈..≈≈≈≈≈o.≈≈.≈.##
..≈≈≈.....≈≈≈.≈≈.#
....≈≈≈≈≈≈≈..≈≈..#
..≈≈.......≈≈≈.⌠.#
...≈≈≈≈≈≈≈≈≈c...##
........#####
#######


You could see a centaur and 4 orcs.

Vanquished Creatures
  Pikel (D:6)
  A cyclops (D:7)
  A yak (D:5)
  A water moccasin (D:6)
  An ice beast (D:6)
  2 sky beasts
  A black bear (D:6)
  2 centaurs
  A phantom (D:5)
  2 lemures (D:6)
  A bullfrog (D:7)
  3 necrophages
  4 scorpions
  A howler monkey (D:6)
  2 jellies (D:7)
  8 hounds
  4 orc priests
  Natasha (thrice) (D:4)
  4 iguanas
  2 orc wizards
  Robin (D:4)
  7 adders
  2 gnolls
  3 white imps
  A worm (D:4)
  6 dart slugs
  22 orcs
  12 ball pythons
  6 endoplasms
  3 giant cockroaches
  6 hobgoblins
  7 jackals
  6 quokkas
  2 bats (D:2)
  6 frilled lizards
  15 goblins
  4 kobolds
  3 rats
157 creatures vanquished.

Vanquished Creatures (others)
  A plant (D:1)
1 creature vanquished.

Grand Total: 158 creatures vanquished

Notes
Turn   | Place    | Note
-------+----------+-------------------------------------------
     0 | D:1      | siradein the Naga Berserker began the quest for the Orb.
     0 | D:1      | Reached XP level 1. HP: 21/21 MP: 1/1
   162 | D:1      | Reached XP level 2. HP: 7/28 MP: 2/2
   653 | D:1      | Found a faded altar of an unknown god.
   733 | D:1      | Reached XP level 3. HP: 34/34 MP: 3/3
  1636 | D:2      | Reached XP level 4. HP: 42/42 MP: 4/4
  2543 | D:3      | Found a sparkling altar of Nemelex Xobeh.
  2563 | D:3      | Reached ** piety under Trog
  2609 | D:3      | Found Fisufone's Jewellery Boutique.
  3068 | D:4      | Found a broken altar of Ashenzari.
  3088 | D:4      | Noticed Robin
  3112 | D:4      | Reached XP level 5. HP: 50/50 MP: 5/5
  3118 | D:4      | Killed Robin
  3395 | D:4      | Noticed Natasha
  3402 | D:4      | Killed Natasha
  3544 | D:4      | Reached XP level 6. HP: 56/57 MP: 6/6
  3772 | D:4      | Reached XP level 7. HP: 66/66 MP: 7/7
  3777 | D:4      | Reached *** piety under Trog
  3866 | D:4      | Found a sacrificial altar of Ru.
  3948 | D:4      | Noticed Natasha
  3953 | D:4      | Killed Natasha
  4072 | D:4      | Found a hazy altar of Hepliaklqana.
  4087 | D:4      | Noticed Natasha
  4338 | D:4      | Found a sacrificial altar of Ru.
  4370 | D:4      | Found a broken altar of Ashenzari.
  4519 | D:4      | Killed Natasha
  4540 | D:4      | Found a hazy altar of Hepliaklqana.
  5030 | D:5      | Entered Level 5 of the Dungeon
  5094 | D:5      | Reached skill level 5 in Fighting
  5111 | D:5      | Found a transporter.
  5117 | D:5      | Found a transporter.
  5135 | D:5      | Noticed a yak
  5142 | D:5      | Reached skill level 5 in Polearms
  5146 | D:5      | Killed a yak
  5149 | D:5      | Reached XP level 8. HP: 60/74 MP: 8/8
  5249 | D:5      | Identified the +4 leather armour "Putzyrgh" {Fly rElec}
  5561 | D:5      | Found an iron altar of Okawaru.
  5790 | D:5      | Found Xuzeff's Distillery.
  5823 | D:5      | Bought a potion of curing for 39 gold pieces
  6286 | D:6      | Noticed Pikel
  6297 | D:6      | Killed Pikel
  6298 | D:6      | Reached XP level 9. HP: 85/85 MP: 9/9
  6317 | D:6      | Reached skill level 5 in Armour
  6317 | D:6      | Reached skill level 5 in Dodging
  6909 | D:6      | Reached **** piety under Trog
  7046 | D:6      | Found a glowing golden altar of the Shining One.
  7266 | D:7      | Found a shimmering blue altar of Sif Muna.
  7347 | D:7      | Noticed a cyclops
  7355 | D:7      | Killed a cyclops
  7384 | D:7      | Found a shadowy altar of Dithmenos.
  7405 | D:7      | Found a staircase to the Ecumenical Temple.
  7552 | D:7      | Found a flagged portal.
  7559 | D:7      | Found a shimmering altar of Xom.
  7567 | Bailey   | Entered a bailey
  7602 | Bailey   | Hit by a javelin thrown by a centaur

Illustrated notes

Levels and vault maps discovered:
D:1:      dpeg_arrival_arbitrary_a, layout_loops_ring,
          ebering_ecumenical_altar_abandoned, minmay_tree_intersection,
          nicolae_grassy_gnolls
D:2:      layout_basic, kennysheep_nub, minmay_quantized
D:3:      layout_basic, nemelex_altar_shiori, serial_shops,
          nicolae_shop_behind_doors
D:4:      layout_loops_corners, evilmike_ruin_ashenzari,
          mainiacjoe_overflow_small_starburst, lemuel_tele_altar,
          minmay_mini_jars, uniq_robin, uniq_natasha
D:5:      gammafunk_wand_slinger, layout_loops_cross,
          kennysheep_okawaru_gauntlet, serial_shops, nicolae_stop_n_shop_2,
          minmay_chambers_of_fives
D:6:      layout_cave_pods, tso_oasis_becter, uniq_pikel
D:7:      layout_layer_cave, grunt_dithmenos_smoke_and_mirrors,
          mainiacjoe_overflow_chevrons, mainiacjoe_overflow_six_doors_small,
          mainiacjoe_overflow_24_doors, minmay_temple_entry_sparse_star,
          enter_bailey_2, kb_rosetta
Bailey:   bailey_polearm_flooded_kennysheep, bailey

Skill      XL: |  1  2  3  4  5  6  7  8  9 |
---------------+----------------------------+-----
Armour         | 2 3 4 5 |  5.8
Dodging        | 2 3 4 5 |  5.7
Fighting       | 4 5 6 7 |  7.3
Polearms       | 4 5 6 7 |  7.3

Action                   |  1- 3 |  4- 6 |  7- 9 || total
-------------------------+-------+-------+-------++-------
Melee: Spear             |    55 |    58 |       ||   113
       Trident           |       |    39 |   202 ||   241
Invok: Berserk           |       |     3 |     5 ||     8
       Trog's Hand       |       |       |     2 ||     2
 Abil: Spit Poison       |    18 |    21 |    20 ||    59
  Use: Scroll            |       |     5 |     4 ||     9
       Potion            |       |       |     1 ||     1
Armor: Animal skin       |     9 |     3 |       ||    12
       Chain mail        |       |    50 |     1 ||    51
       Scale mail        |       |       |    28 ||    28
       Plate armour      |       |       |    66 ||    66
Dodge: Dodged            |    25 |    32 |    62 ||   119

Table legend: (Time is in decaauts)
 A = Elapsed time spent in this place.
 B = Non-inter-level travel time spent in this place.
 C = Inter-level travel time spent in this place.
 D = Time resting spent in this place.
 E = Time spent auto-exploring this place.
 F = Levels seen in this place.
 G = Mean time per level.
                   A        B        C        D        E       F      G
               +--------+--------+--------+--------+--------+-----+--------+
         Total |   9773 |   9450 |    323 |      0 |   8003 |   8 | 1221.6 |
       Dungeon |   9737 |   9414 |    323 |      0 |   8003 |   7 | 1391.0 |
        Bailey |     35 |     35 |      0 |      0 |      0 |   1 |   35.0 |
               +--------+--------+--------+--------+--------+-----+--------+

Top non-repeatable levels by time:
     D:4: 2599 daAuts
     D:2: 1911 daAuts
     D:6: 1638 daAuts
     D:1: 1303 daAuts
     D:5: 1127 daAuts
     D:3: 730 daAuts
     D:7: 426 daAuts
  Bailey: 35 daAuts
